 Dungeon Crawl Stone Soup version 0.31.0-11-ge490571c62 (webtiles) character file.

Game seed: 15933163488149192210

189 qw the Skirmisher (level 5, -8/29 HPs)
             Began as a Deep Elf Hunter on Feb 5, 2024.
             Engulfed by a steam dragon's steam (19 damage)
             ... on level 4 of the Dungeon.
             The game lasted 00:01:40 (2534 turns).

qw the Skirmisher (Deep Elf Hunter)                 Turns: 2534, Time: 00:01:40

Health: -8/29      AC:  6    Str: 10    XL:     5   Next: 40%
Magic:  0/0        EV: 11    Int: 14    God:
Gold:   137        SH:  0    Dex: 18    Spells: 4/4 levels left

rFire   . . .        b - +12 longbow "Naef" {heavy, +Blink rElec rPois MP-9}
rCold   . . .        (shield currently unavailable)
rNeg    . . .        k - +0 ring mail
rPois   +            (no helmet)
rElec   +            c - +0 cloak
rCorr   .            (no gloves)
SInv    .            (no boots)
Will    .....        d - amulet of guardian spirit
Stlth   +            (no ring)
HPRegen 0.24/turn    (no ring)
MPRegen 0.07/turn

%: guardian spirit
@: no status effects
A: no striking features
a: Evoke Blink


You were on level 4 of the Dungeon.
You visited 1 branch of the dungeon, and saw 4 of its levels.

You collected 137 gold pieces.


   Skills:
 - Level 1.5 Fighting
 + Level 8.9 Ranged Weapons
 - Level 2.4 Dodging
 - Level 1.2 Stealth


You had 4 spell levels left.
You didn't know any spells.
Your spell library was empty.

Inventory:

Hand Weapons
 b - the +12 longbow "Naef" (weapon) {heavy, +Blink rElec rPois MP-9}
   (You acquired it on level 2 of the Dungeon)

   rElec:     It insulates you from electricity.
   rPois:     It protects you from poison MP-9: It affects your magic capacity
   (-9).
   +Blink:    It lets you blink.
Armour
 c - a +0 cloak (worn)
 k - a +0 ring mail (worn)
Jewellery
 d - an amulet of guardian spirit (around neck)
 m - a ring of fire
Potions
 f - 3 potions of curing
 g - a potion of might
 i - a potion of haste {unknown}
 j - a potion of enlightenment {unknown}
 l - a potion of resistance {unknown}
 n - a potion of mutation {unknown}

Dungeon Overview and Level Annotations

Branches:
Dungeon (4/15)
 Temple: D:4-7

Altars:
Hepliaklqana
Qazlal


Message History

Found a stone staircase leading down.
There is a stone staircase leading up here.
A goblin is nearby!
Waypoint 3 assigned to D:4.
You shoot an arrow. The arrow hits the goblin!!
You kill the goblin!
A goblin comes into view. It is wielding a +0 club.
A hound comes into view.
You shoot an arrow. The arrow barely misses the goblin.
The goblin shouts!
The hound barks!
You hear an angry hiss.
An adder comes into view.
A steam dragon comes into view.
You shoot an arrow. The arrow hits the goblin!!
You kill the goblin!
A kobold comes into view. It is wielding a +0 short sword.
2527 ||| STAIRDANCE The hound barely misses you.
You climb upwards.
There is a stone staircase leading down here.
You shoot an arrow. The arrow hits the hound!!
You kill the hound!
You climb downwards.
The adder bites you but does no damage.
There is a stone staircase leading up here.
You shoot an arrow. The arrow hits the adder!!
You kill the adder!
The kobold hits you but does no damage.
The kobold hits you with a +0 short sword.
The steam dragon closely misses you.
The steam dragon claws you but does no damage.
You shoot an arrow.
The arrow barely misses the steam dragon.
The steam dragon breathes steam at you. The ball of steam hits you!
Ouch! That really hurt!
The kobold hits you but does no damage. x2; The steam dragon bites you.
The steam dragon claws you but does no damage.
You shoot an arrow.
The arrow completely misses the steam dragon.
You are engulfed in a cloud of scalding steam.
Ouch! That really hurt!
You die...

#.. . #.. .# #
. #..## #.#.#
#.###...##.?.
#...........
###)......##...
.....)..D......
#.K@# #(¤.#
#¤... ..>.#..
..... ...
....... ....
....... ....#
....... ....#


You could see a steam dragon (catching breath) and a kobold.

Vanquished Creatures
  A hound (D:3)
  2 orc wizards (D:3)
  5 adders
  A ribbon worm (D:3)
  3 orcs (D:3)
  5 ball pythons
  7 endoplasms
  A giant cockroach (D:3)
  6 goblins
  6 hobgoblins
  4 jackals
  8 kobolds
  3 quokkas
  3 bats
  3 frilled lizards
  6 rats
64 creatures vanquished.

Notes
Turn   | Place    | Note
-------+----------+-------------------------------------------
     0 | D:1      | qw the Deep Elf Hunter began the quest for the Orb.
     0 | D:1      | Reached XP level 1. HP: 12/12 MP: 3/3
     0 | D:1      | 0 ||| qw: Version: 0.3-a-160-g6735b56
     0 | D:1      | 0 ||| qw: Game counter: 6381
     0 | D:1      | 0 ||| qw: Melee chars always use a shield: true
     0 | D:1      | 0 ||| qw: God list: Okawaru
     0 | D:1      | 0 ||| qw: Allow faded altars: false
     0 | D:1      | 0 ||| qw: Do Orc after clearing Dungeon:15 true
     0 | D:1      | 0 ||| qw: Do second Lair branch before Depths: true
     0 | D:1      | 0 ||| qw: Lair rune preference: random
     0 | D:1      | 0 ||| qw: Goals: Normal
     0 | D:1      | 0 ||| PLANNING D:1-11
   298 | D:1      | Reached XP level 2. HP: 16/16 MP: 4/4
   313 | D:1      | Reached skill level 6 in Ranged Weapons
   929 | D:1      | 929 ||| UPGRADING to +0 ring mail.
   939 | D:1      | 939 ||| DROPPING +0 leather armour.
   940 | D:1      | 940 ||| READING scroll labelled LARUGR PURAERPH.
  1041 | D:1      | 1041 ||| READING 2 scrolls labelled HYHENNAHEX.
  1042 | D:1      | 1042 ||| READING 2 scrolls labelled NABRAHU WOKHLYX.
  1042 | D:1      | 1042 ||| IDENTIFYING viscous sapphire potion
  1043 | D:1      | 1043 ||| READING scroll of identify.
  1043 | D:1      | 1043 ||| IDENTIFYING puce potion
  1044 | D:1      | 1044 ||| READING scroll labelled IFAOLU MAAPTU.
  1045 | D:1      | 1045 ||| READING scroll labelled BOINAUMEMEE.
  1046 | D:1      | 1046 ||| DROPPING scroll of butterflies.
  1047 | D:1      | 1047 ||| DROPPING potion of invisibility.
  1048 | D:1      | 1048 ||| DROPPING scroll of noise.
  1068 | D:2      | 1068 ||| STAIRDANCE
  1079 | D:2      | 1079 ||| STAIRDANCE
  1104 | D:2      | Reached XP level 3. HP: 20/20 MP: 5/5
  1477 | D:2      | Reached skill level 7 in Ranged Weapons
  1797 | D:2      | 1797 ||| READING scroll labelled TEGOAL OVAKLAA.
  1798 | D:2      | 1798 ||| READING scroll labelled SOEKUYRE NOECO.
  1799 | D:2      | 1799 ||| READING scroll labelled HIUDAIROMU.
  1799 | D:2      | Identified a scroll of acquirement
  1799 | D:2      | 1799 ||| ACQUIRING +12 longbow "Naef" {heavy, +Blink rElec
                  | rPois MP-9}
  1799 | D:2      | Acquired the +12 longbow "Naef" {heavy, +Blink rElec rPois
                  | MP-9}
  1801 | D:2      | 1801 ||| SWAPPING to +12 longbow "Naef" {heavy, +Blink
                  | rElec rPois MP-9}.
  1802 | D:2      | 1802 ||| DROPPING +0 shortbow.
  1970 | D:3      | Reached XP level 4. HP: 25/25 MP: 0/6
  2320 | D:3      | Reached skill level 8 in Ranged Weapons
  2321 | D:3      | 2321 ||| Stepping randomly (disturbance).
  2323 | D:3      | Reached XP level 5. HP: 26/29 MP: 0/7
  2355 | D:3      | Found a hazy altar of Hepliaklqana.
  2386 | D:3      | Found a stormy altar of Qazlal.
  2491 | D:3      | 2491 ||| UPGRADING to +0 cloak.
  2496 | D:3      | 2496 ||| UPGRADING to amulet of guardian spirit.
  2501 | D:3      | 2501 ||| READING scroll of identify.
  2501 | D:3      | 2501 ||| IDENTIFYING glowing dark potion
  2502 | D:3      | 2502 ||| READING scroll labelled EDAS QIBBORISS.
  2506 | D:3      | 2506 ||| DRINKING 2 white potions.
  2507 | D:3      | 2507 ||| DRINKING 4 potions of curing.
  2507 | D:3      | 2507 ||| (to cure confusion)
  2508 | D:3      | 2508 ||| DROPPING potion of ambrosia.
  2525 | D:4      | Noticed a steam dragon
  2527 | D:4      | 2527 ||| STAIRDANCE
  2534 | D:4      | Engulfed by a steam dragon's steam

Levels and vault maps discovered:
D:1:      tekkud_arrival_beachfront_property, layout_basic,
          reono_crystal_passage
D:2:      layout_basic, minmay_pentomino_v2
D:3:      layout_basic, nicolae_qazlal_eye_of_the_storm, general_overflow_altar,
          kennysheep_generic_room_14
D:4:      layout_rooms, trog_three_pillars_becter, minivault_24

Skill      XL: |  1  2  3  4 |
---------------+-------------+-----
Ranged Weapons | 6 7 8 |  8.9
Fighting       | |  1.5
Dodging        | |  2.4
Stealth        | |  1.2

Action                     |  1- 3 |  4- 6 || total
---------------------------+-------+-------++-------
   Fire: Shortbow          |   114 |       ||   114
         Longbow           |     5 |    31 ||    36
    Use: Scroll            |     9 |     2 ||    11
         Potion            |       |     2 ||     2
 Armour: Leather armour    |    12 |       ||    12
         Ring mail         |    30 |    14 ||    44
  Dodge: Dodged            |    38 |     5 ||    43

Table legend:
 A = Non-vault XP
 B = Vault XP
 C = Vault XP percentage of total XP
 D = Non-vault monster count
 E = Vault monster count
 F = Vault count percentage of total count
                 A         B        C        D         E       F
            +---------+---------+-------+---------+---------+-------
      Total |     269 |       2 |   0.7 |      63 |       1 |   1.6
            +---------+---------+-------+---------+---------+-------
        D:1 |      33 |       0 |   0.0 |      19 |       0 |   0.0
        D:2 |      57 |       0 |   0.0 |      21 |       0 |   0.0
        D:3 |     162 |       2 |   1.2 |      20 |       1 |   4.8
        D:4 |      17 |       0 |   0.0 |       3 |       0 |   0.0
            +---------+---------+-------+---------+---------+-------
